 Dungeon Crawl Stone Soup version 0.28.0-45-g0d030f2227 (webtiles) character file.

Game seed: 11734891342339854276

404 Calamitas the Covered (level 6, -6/51 (56) HPs)
             Began as a Minotaur Fighter on Apr 11, 2022.
             Mangled by a wight
             ... wielding a +4 halberd
              (7 damage)
             ... on level 3 of the Dungeon.
             The game lasted 00:27:06 (3002 turns).

Calamitas the Covered (Minotaur Fighter)            Turns: 3002, Time: 00:27:06

HP:   -6/51 (56)    AC:  9    Str: 23    XL:     6   Next: 56%
MP:   5/5           EV: 10    Int:  5    God:
Gold: 175           SH:  4    Dex:  9    Spells: 5/5 levels left

rFire   . . .      SeeInvis .   a - +0 long sword
rCold   . . .      Faith    .   c - +0 buckler
rNeg    . . .      Spirit   .   b - +0 scale mail
rPois   .          Reflect  .   (helmet restricted)
rElec   .          Harm     .   K - +0 cloak
rCorr   .          Rampage  .   g - +0 pair of gloves
Will    .....                   (no boots)
Stlth   ..........              (no amulet)
HPRegen 0.17/turn               (no ring)
MPRegen 0.09/turn               (no ring)

@: mighty, studying Bows, drained
A: horns 2, retaliatory headbutt
a: no special abilities


You were on level 3 of the Dungeon.
You visited 1 branch of the dungeon, and saw 4 of its levels.

You collected 175 gold pieces.

Inventory:

Hand Weapons
 a - a +0 long sword (weapon)
 f - a +0 dagger
 k - a +0 club
 m - a +0 short sword
 o - a +0 dagger
 p - a +0 dagger
 q - a +0 club
 r - a +0 whip
 t - a +0 club
 u - a +0 club
 v - a +0 club
 w - a +0 club
 x - a +0 dagger
 y - a +0 dagger
 B - a +0 club
 D - a +0 club
 E - a +0 short sword
 F - a +0 short sword
 G - a +0 whip
 J - a +0 dagger
 M - a +0 hand axe
 O - a +0 war axe
 Q - a +3 dagger
 S - a +0 short sword
Missiles
 h - 55 arrows
 n - 10 poisoned darts (quivered)
 s - 99 stones
Armour
 b - a +0 scale mail (worn)
 c - a +0 buckler (worn)
 g - a +0 pair of gloves (worn)
 j - a +0 leather armour
 l - a +0 leather armour
 A - a +0 robe
 H - a +0 leather armour
 I - a +0 robe
 K - a +0 cloak (worn)
 N - a +0 scale mail
Jewellery
 C - a ring of resist corrosion
Scrolls
 e - 2 scrolls of blinking {unknown}
 R - a scroll of identify {unknown}
Potions
 d - a potion of might
 i - 2 potions of brilliance {unknown}
 z - a potion of mutation {unknown}
 L - a potion of experience {unknown}
 P - a potion of ambrosia {unknown}


   Skills:
 + Level 5.0 Fighting
 + Level 5.1 Long Blades
 + Level 5.4 Armour
 + Level 2.3 Dodging
 + Level 0.3 Stealth
 + Level 4.6 Shields


You had 5 spell levels left.
You didn't know any spells.
Your spell library contained the following spells:

 Spells                   Type           Power      Damage    Failure   Level
 Apportation              Tloc           0%         N/A       86%         1
 Conjure Flame            Conj/Fire      0%         6-21      99%         3
 Ignite Poison            Fire/Tmut/Pois 0%         N/A       99%         3
 Sticky Flame             Conj/Fire      0%         2d3       100%        4
 Alistair's Intoxication  Tmut/Pois      0%         N/A       100%        5


Dungeon Overview and Level Annotations

Branches:
Dungeon (4/15)
 Temple: D:4-7

Altars:


Innate Abilities, Weirdness & Mutations

You have a pair of horns on your head.
You reflexively headbutt those who attack you in melee.


Message History

You destroy the wight!
Your Long Blades skill increases to level 5!
You feel very mighty all of a sudden. The wight completely misses you.
You block the wight's attack.
The wight hits you from afar with a +4 halberd.
You feel drained.
There is a stone staircase leading up here.
The wight barely misses you.
You climb upwards.
There is a stone staircase leading down here.
You feel a little less mighty now.
HP restored.
There is a stone staircase leading down here.
You climb downwards.
The wight hits you with a +2 great sword.
You feel drained. The wight barely misses you.
There is a stone staircase leading up here.
You feel very mighty all of a sudden.
The wight hits you with a +2 great sword!!
The wight hits you but does no damage.
You slash the wight!
The wight is severely damaged.
The wight hits you with a +2 great sword.
The wight hits you with a +4 halberd.
You feel drained.
You closely miss the wight.
The wight is heavily damaged.
The wight hits you with a +2 great sword!
* * * LOW HITPOINT WARNING * * *
The wight barely misses you. The wight closely misses you.
The wight hits you with a +4 halberd.
* * * LOW HITPOINT WARNING * * *
You feel drained.
* * * LOW HITPOINT WARNING * * *
You block the wight's attack. The wight hits you with a +4 halberd!
* * * LOW HITPOINT WARNING * * *
You climb upwards.
There is a stone staircase leading down here.
The wight hits you from afar with a +4 halberd!
You die...

###.##### #.# # #.### #.#
# #.#.# #.# #
##########.#.# #.#####
#..........#.######......
#..........#........#....
#..........#.######.#.###
#..........#.# #####.#
#......z@..#.#######÷....
#......>.........##.÷..#÷
#......z..##.###....#####
#.........##.# ###.##.###
############.# #.#....#
#.# ###....#
######.#######...†÷
#......#.....###†.#
#.######.##### ####


You could see 2 wights.

Vanquished Creatures
  A black bear (D:4)
  A scorpion (D:3)
  A wight (D:4)
  An iguana (D:4)
  Terence (D:3)
  Natasha (thrice) (D:2)
  2 adders
  A worm (D:2)
  2 dart slugs
  5 orcs
  6 ball pythons
  5 bats
  4 endoplasms
  A giant cockroach (D:3)
  11 goblins
  5 hobgoblins
  4 jackals (D:3)
  2 kobolds (D:2)
  2 quokkas
  4 frilled lizards
  10 rats
  A spectral kobold (D:2)
73 creatures vanquished.

Notes
Turn   | Place    | Note
-------+----------+-------------------------------------------
     0 | D:1      | Calamitas the Minotaur Fighter began the quest for the Orb.
     0 | D:1      | Reached XP level 1. HP: 19/19 MP: 0/0
   181 | D:1      | Reached XP level 2. HP: 27/27 MP: 1/1
   950 | D:2      | Reached XP level 3. HP: 33/33 MP: 2/2
  1058 | D:2      | Found a faded altar of an unknown god.
  1124 | D:2      | Noticed Natasha
  1134 | D:2      | Killed Natasha
  1135 | D:2      | Reached XP level 4. HP: 25/41 MP: 3/3
  1241 | D:2      | Noticed Natasha
  1246 | D:2      | Killed Natasha
  1294 | D:2      | Noticed Natasha
  1299 | D:2      | Killed Natasha
  1300 | D:2      | Reached skill level 1 in Dodging
  1698 | D:3      | Reached XP level 5. HP: 47/47 MP: 4/4
  2092 | D:3      | Noticed Terence
  2105 | D:3      | Killed Terence
  2417 | D:3      | Reached skill level 5 in Armour
  2712 | D:4      | Reached XP level 6. HP: 49/55 MP: 5/5
  2733 | D:4      | Reached skill level 5 in Fighting
  2782 | D:4      | Reached skill level 5 in Long Blades
  3000 | D:4      | HP: 1/51 [wight/+4 halberd (9)]
  3002 | D:3      | Mangled by a wight

Illustrated notes

Levels and vault maps discovered:
D:1:      ebering_trefoil_3fold, layout_loops_ring, minmay_misc_feat_ornament
D:2:      cheibrodos_greedy_goblins, layout_loops_ring,
          dreamdust_ecumenical_altar_drowned_temple, uniq_natasha
D:3:      layout_basic, wander_ebering_terrifying_dragon_lair, uniq_terence
D:4:      nicolae_BIG_FREAKIN_CUBE, layout_basic, nzn_hepliaklqana_mist_gate,
          kennysheep_mini, uniq_robin

Skill      XL: |  1  2  3  4  5  6 |
---------------+-------------------+-----
Fighting       | 4 5 |  5.0
Armour         | 4 5 |  5.4
Shields        | 4 |  4.6
Long Blades    | 3 4 5 |  5.1
Dodging        | 1 2 |  2.3
Stealth        | |  0.3

Action                   |  1- 3 |  4- 6 || total
-------------------------+-------+-------++-------
Melee: Long sword        |    81 |    95 ||   176
       Headbutt          |    10 |    11 ||    21
  Use: Potion            |       |     2 ||     2
Armor: Scale mail        |    31 |    38 ||    69
Dodge: Dodged            |    39 |    41 ||    80
Block: Buckler           |    19 |    21 ||    40
